 Dungeon Crawl Stone Soup version 0.17.0-73-gb648821 (webtiles) character file.

428 ketsa the Agent of Entropy (level 7, -5/52 HPs)
             Began as a Human Abyssal Knight on Dec 9, 2015.
             Was a Priest of Lugonu.
             Slain by an ice beast (14 damage)
             ... on level 5 of the Dungeon.
             The game lasted 00:15:21 (6504 turns).

ketsa the Agent of Entropy (Human Abyssal Knight)   Turns: 6504, Time: 00:15:22

Health: -5/52      AC:  7    Str: 15      XL:     7   Next: 18%
Magic:  10/10      EV: 11    Int:  9 (12) God:    Lugonu [***...]
Gold:   118        SH:  0    Dex: 12      Spells: 0 memorised, 6 levels left

rFire  . . .     SeeInvis .     B - +1 war axe
rCold  . . .     Clarity  .     w - +3 leather armour
rNeg   . . .     SustAt   .     (no shield)
rPois  .         Gourm    .     G - +0 helmet (curse)
rElec  .         Spirit   .     (no cloak)
rCorr  .         Warding  .     (no gloves)
rMut   .         Stasis   .     (no boots)
MR     .....                    f - amulet of faith
Stlth  +.........               (no ring)
                                (no ring)

@: not resistant to hostile enchantments, very unstealthy
A: no striking features
a: Depart the Abyss, Bend Space, Banish, Renounce Religion


You were on level 5 of the Dungeon.
You worshipped Lugonu.
Lugonu was most pleased with you.
You were hungry.

You visited 1 branch of the dungeon, and saw 5 of its levels.
You visited the Abyss 1 time.
You also visited: Ossuary.

You collected 118 gold pieces.

Inventory:

Hand Weapons
 a - a +1 hand axe
 j - a +1 whip of venom
 u - a +2 flail of draining
 y - a +0 blowgun
 B - a +1 war axe (weapon)
Missiles
 h - 46 stones (quivered)
 q - 11 arrows of dispersal
 A - 36 poisoned needles
Armour
 b - a +0 leather armour
 e - a +0 chain mail
 k - a +0 ring mail
 p - a +0 ring mail
 w - a +3 leather armour (worn)
 G - a cursed +0 helmet (worn)
Jewellery
 f - an amulet of faith (around neck)
Scrolls
 n - a scroll of identify
 s - a scroll of recharging
 t - 2 scrolls of teleportation
Potions
 g - a potion of agility
 i - a potion of flight
 m - a potion of lignification
Books
 o - a book of Necromancy

   Spells                             Type                      Level
   a - Pain                           Necromancy                   1
   b - Animate Skeleton               Necromancy                   1
   c - Vampiric Draining              Necromancy                   3
   d - Regeneration                   Charms/Necromancy            3
   e - Animate Dead                   Necromancy                   4
   f - Control Undead                 Necromancy                   4
Comestibles
 c - 4 bread rations
 d - a meat ration
 v - a slice of pizza
 D - a beef jerky


   Skills:
 - Level 3.0 Fighting
 + Level 4.4 Axes
 + Level 4.4 Armour
 - Level 1.0 Dodging
 + Level 4.7 Invocations


You had 6 spell levels left.
You didn't know any spells.

Dungeon Overview and Level Annotations

Branches:
Dungeon (5/15)
 Temple: D:4-7

Altars:
Fedhas

Annotations:
D:4 Grinder


Message History

The ice beast hits you but does no damage.
There is a stone staircase leading down here.
You climb downwards.
There is a stone staircase leading up here.
You completely miss the ice beast. The ice beast misses you.
The ice beast hits you but does no damage.
You hit the ice beast.
The ice beast is lightly wounded.
The ice beast hits you. The ice beast freezes you!
You barely miss the ice beast.
The ice beast is lightly wounded.
The ice beast closely misses you.
You slash the ice beast!
The ice beast is moderately wounded.
The ice beast hits you. The ice beast freezes you.
* * * LOW HITPOINT WARNING * * *
The ice beast hits you.
* * * LOW HITPOINT WARNING * * *
The ice beast freezes you!
You die...

######### #.#
#...รท.<.# #.#
#.#####.# #.#
#.##.#####.######.#
#.......##......#.#
####.##.##.#....#.#
#.##.##.#......#
#.......#....###
####.....@.#.#
####...Y..#
########


You could see an ice beast.

Vanquished Creatures
  A crimson imp (D:5)
  A hound (D:4)
  3 orc priests (D:3)
  A mummy (Ossuary)
  Robin (D:4)
  3 gnolls (D:3)
  3 adders
  An ooze (D:3)
  A worm (D:3)
  18 orcs
  A ball python (D:1)
  5 giant cockroaches
  9 hobgoblins
  11 jackals
  3 quokkas
  11 bats
  A giant gecko (D:3)
  3 giant newts
  19 goblins
  7 kobolds
  A quokka zombie (D:3)
  7 rats
  A rat zombie (D:4)
112 creatures vanquished.

Vanquished Creatures (others)
  A centaur (D:5)
  A worker ant (D:5)
2 creatures vanquished.

Grand Total: 114 creatures vanquished

Notes
Turn   | Place    | Note
--------------------------------------------------------------
     0 | Abyss:1  | ketsa the Human Abyssal Knight began the quest for the Orb.
     0 | Abyss:1  | Reached XP level 1. HP: 18/18 MP: 2/2
   125 | Abyss:1  | Noticed a chaos spawn
   126 | D:1      | Escaped the Abyss
   411 | D:1      | Reached * piety under Lugonu
   411 | D:1      | Reached XP level 2. HP: 17/24 MP: 3/3
   878 | D:1      | Reached XP level 3. HP: 8/29 MP: 4/4
  1956 | D:2      | Found a blossoming altar of Fedhas.
  2064 | D:2      | Reached XP level 4. HP: 35/35 MP: 6/6
  2601 | D:3      | Reached ** piety under Lugonu
  3221 | D:3      | Reached XP level 5. HP: 39/41 MP: 7/7
  4386 | D:3      | Reached XP level 6. HP: 42/47 MP: 8/8
  4466 | D:3      | Found a faded altar to an unknown god.
  4576 | D:3      | Reached skill level 4 in Invocations
  4825 | D:3      | Reached *** piety under Lugonu
  5262 | D:4      | Found a sand-covered staircase.
  5291 | D:4      | Noticed Robin
  5300 | D:4      | Killed Robin
  5345 | Ossuary  | Entered an ossuary
  5359 | Ossuary  | Noticed Nicoed's ghost (novice OpAs)
  5644 | D:4      | Noticed Grinder
  6063 | D:5      | Entered Level 5 of the Dungeon
  6088 | D:5      | Reached XP level 7. HP: 48/52 MP: 10/10
  6315 | D:5      | HP: 1/52 [centaur (5)]
  6476 | D:5      | Noticed an ice beast
  6504 | D:5      | Slain by an ice beast

Action                   |  1- 3 |  4- 6 |  7- 9 || total
-------------------------+-------+-------+-------++-------
Melee: Hand axe          |   111 |   109 |       ||   220
       Flail             |       |   150 |       ||   150
       War axe           |       |    38 |    18 ||    56
Invok: Depart the Abyss  |     1 |       |       ||     1
       Banish            |       |       |     2 ||     2
  Use: Potion            |     2 |     1 |     2 ||     5
       Scroll            |       |     7 |       ||     7
  Eat: Chunk             |     4 |    11 |     2 ||    17
       Beef jerky        |       |     1 |       ||     1
